 Dungeon Crawl Stone Soup version 0.16.2-12-gd0ad4c3 (webtiles) character file.

94 faibistes the Magician (level 4, -7/24 HPs)
             Began as a Deep Elf Wizard on Dec 16, 2017.
             Mangled by an ice beast (14 damage)
             ... on level 3 of the Dungeon.
             The game lasted 00:05:01 (2686 turns).

faibistes the Magician (Deep Elf Wizard)            Turns: 2686, Time: 00:05:02

Health: -7/24      AC:  3    Str:  4    XL:     4   Next: 38%
Magic:  17/17      EV: 13    Int: 24    God:
Gold:   144        SH:  0    Dex: 13    Spells: 6 memorised, 1 level left

rFire  . . .     SeeInvis .     k - +0 dagger
rCold  . . .     Clarity  .     a - +0 robe
rNeg   . . .     SustAb   .     (no shield)
rPois  .         Gourm    .     b - +0 hat
rElec  .         Spirit   .     (no cloak)
rCorr  .         Warding  .     g - +0 pair of gloves
rMut   .         Stasis   .     (no boots)
MR     .....                    (no amulet)
Stlth  ++........               (no ring)
                                (no ring)

@: repel missiles, not resistant to hostile enchantments, unstealthy
A: no striking features
a: no special abilities


You were on level 3 of the Dungeon.
You were not hungry.

You visited 1 branch of the dungeon, and saw 3 of its levels.

You collected 144 gold pieces.

Inventory:

Hand weapons
 j - a +0 short sword
 k - a +0 dagger (weapon)
Armour
 a - a +0 robe (worn)
 b - a +0 hat (worn)
 g - a +0 pair of gloves (worn)
Jewellery
 l - an uncursed amulet of warding {unknown}
Scrolls
 e - 2 scrolls of amnesia {unknown}
 h - a scroll of blinking {unknown}
 m - 2 scrolls of identify {unknown}
 r - a scroll of enchant weapon {unknown}
 s - a scroll of teleportation {unknown}
 t - a scroll of immolation {unknown}
Potions
 f - 2 potions of mutation {unknown}
 i - a potion of magic {unknown}
 n - a potion of curing {unknown}
Books
 c - a book of Minor Magic

   Spells                             Type                      Level
   a - Magic Dart                     Conjuration                  1
   b - Blink                          Translocation                2
   c - Call Imp                       Summoning                    2
   d - Repel Missiles                 Charms/Air                   2
   e - Slow                           Hexes                        2
   f - Conjure Flame                  Conjuration/Fire             3
   g - Mephitic Cloud                 Conjuration/Poison/Air       3
Comestibles
 d - 2 bread rations
 o - a slice of pizza
 p - a meat ration
 q - 6 chunks of flesh


   Skills:
 + Level 3.2 Dodging
 - Level 2.4 Stealth
 * Level 5.7 Spellcasting
 * Level 2.9 Conjurations
 - Level 1.1 Summonings
 - Level 1.1 Translocations


You had one spell level left.
You knew the following spells:

 Your Spells              Type           Power        Failure   Level  Hunger
a - Magic Dart            Conj           ###.         2%          1    None
b - Conjure Flame         Conj/Fire      ##......     17%         3    #......
c - Call Imp              Summ           ##......     10%         2    None
d - Blink                 Tloc           N/A          10%         2    None
e - Mephitic Cloud        Conj/Pois/Air  ##......     21%         3    #......
f - Repel Missiles        Chrm/Air       #.....       14%         2    None


Dungeon Overview and Level Annotations

Branches:
Dungeon (3/15)

Altars:


Message History

a dagger; a leather armour
There is a stone staircase leading down here.
You start resting.
Magic restored.
You start resting.
Some of the chunks of flesh in your inventory have rotted away.
You start resting.
HP restored.
You climb downwards.
The bat hits you but does no damage. The kobold hits you.
The rat bites you but does no damage. The ice beast closely misses you.
The bat hits you. The kobold barely misses you.
The rat bites you but does no damage. The ice beast hits you.
The ice beast freezes you!
There is a stone staircase leading up here.
The bat closely misses you. The bat hits you but does no damage.
The rat bites you but does no damage. The ice beast hits you.
* * * LOW HITPOINT WARNING * * *
The ice beast freezes you!
Ouch! That really hurt!
You die...

...... ##### ##
######### #)
##..%....# #.
#........#####
#.##............###
####..Y.o.$...........
#...K@b....##..###....
#.##r##.#####<.# #####
#. #.# #K.# #. ...
#..# #...... #..#
#....... ...#
##.....###.## ##...##
. #.#


You could see an ice beast, an orc wizard, a bat, a kobold and a rat.

Vanquished Creatures
  3 adders (D:2)
  2 worms (D:2)
  An ooze (D:2)
  An orc (D:2)
  A ball python (D:1)
  5 bats
  7 hobgoblins
  3 jackals (D:2)
  7 kobolds
  3 giant cockroaches
  A giant gecko (D:2)
  3 giant newts
  6 goblins
  10 rats
53 creatures vanquished.

Notes
Turn   | Place    | Note
--------------------------------------------------------------
     0 | D:1      | faibistes, the Deep Elf Wizard, began the quest for the Orb.
     0 | D:1      | Reached XP level 1. HP: 10/10 MP: 6/6
   406 | D:1      | Reached XP level 2. HP: 15/15 MP: 5/10
   454 | D:1      | Learned a level 2 spell: Blink
   457 | D:1      | Learned a level 2 spell: Call Imp
   464 | D:1      | Reached skill level 5 in Spellcasting
  1429 | D:2      | Reached XP level 3. HP: 19/19 MP: 8/14
  1463 | D:2      | Learned a level 3 spell: Conjure Flame
  1467 | D:2      | Learned a level 3 spell: Mephitic Cloud
  2058 | D:2      | Learned a level 2 spell: Repel Missiles
  2106 | D:2      | Reached XP level 4. HP: 24/24 MP: 14/17
  2556 | D:3      | Noticed an ice beast
  2686 | D:3      | Mangled by an ice beast

Action                   |  1- 3 |  4- 6 || total
-------------------------+-------+-------++-------
Melee: Unarmed           |    10 |       ||    10
       Short sword       |     1 |       ||     1
       Dagger            |    35 |       ||    35
 Cast: Magic Dart        |    85 |    21 ||   106
       Conjure Flame     |     2 |       ||     2
       Mephitic Cloud    |     1 |       ||     1
       Repel Missiles    |     1 |       ||     1
 Stab: Confused          |     1 |       ||     1
  Eat: Chunk             |     4 |     1 ||     5
